 Dungeon Crawl Stone Soup version 0.29-a0-998-g1987434951 (webtiles) character file.

Game seed: 14548413559617783234

349382 JakeJacob the Warrior (level 22, -17/222 HPs)
             Began as a Gargoyle Berserker on Aug 6, 2022.
             Was a High Priest of Trog.
             Killed from afar by a lich (26 damage)
             ... with a bolt of cold
             ... on level 4 of the Vaults.
             The game lasted 02:53:30 (47069 turns).

JakeJacob the Warrior (Gargoyle Berserker)         Turns: 47069, Time: 02:53:31

Health: -17/222    AC: 53    Str: 39    XL:     22   Next: 18%
Magic:  31/31      EV: 10    Int:  9    God:    Trog [*****.]
Gold:   1577       SH: 26    Dex: 11    Spells: 21/21 levels left

rFire   + + .      SeeInvis .   U - +9 hand axe "Tuph" {vorpal, rN++ Str+6 Stlth-}
rCold   + . .      Faith    .   t - +7 tower shield {AC+3}
rNeg    + + +      Spirit   .   e - +14 chain mail of the Transparent God {rC+}
rPois   ∞          Reflect  .   g - +2 helmet
rElec   +          Harm     .   f - +3 cloak "Efav Ewe" {rF++ MP+9 Dex-2}
rCorr   .          Rampage  .   I - +2 pair of gloves
Will    +++..                   a - +2 pair of boots
Stlth   ..........              y - amulet of regeneration
HPRegen 2.27/turn               B - +6 ring of strength
MPRegen 0.22/turn               (no ring)

@: berserking, strong-willed, corroded, flying, regenerating, slowed
A: sickness immunity, AC +16, big wings, negative energy resistance 1,
electricity resistance, torment resistance 1, petrification resistance
}: 2/15 runes: decaying, serpentine
a: Renounce Religion, Berserk, Trog's Hand, Brothers in Arms


You were on level 4 of the Vaults.
You worshipped Trog.
Trog was extremely pleased with you.
You visited 8 branches of the dungeon, and saw 36 of its levels.
You visited the Abyss 1 time.

You collected 4093 gold pieces.
You spent 2516 gold pieces at shops.

Inventory:

Hand Weapons
 C - a +6 spectral broad axe
 L - a +4 eveningstar of chaos
 U - the +9 hand axe "Tuph" (weapon) {vorpal, rN++ Str+6 Stlth-}
   (You found it on level 5 of the Lair of Beasts)

   It inflicts extra damage upon your enemies.
   Str:       It affects your strength (+6).
   rN:        It greatly protects you from negative energy.
   Stlth:     It makes you less stealthy.
Armour
 a - a +2 pair of boots (worn)
 e - the +14 chain mail of the Transparent God (worn) {rC+}
   (You bought it in a shop on level 14 of the Dungeon)

   rC:        It protects you from cold.
 f - the +3 cloak "Efav Ewe" (worn) {rF++ MP+9 Dex-2}
   (You acquired it on level 6 of the Dungeon)

   Dex:       It affects your dexterity (-2).
   rF:        It greatly protects you from fire.
   MP:        It affects your magic capacity (+9).
 g - a +2 helmet (worn)
 t - a +7 tower shield of protection (worn)
 I - a +2 pair of gloves (worn)
Jewellery
 b - a ring of protection from cold
 j - a ring of protection from fire
 n - the ring "Cirumus" {Fire rN++ Int+3}
   (You found it on level 2 of the Dungeon)

   [ring of fire]

   It enhances your fire magic.
   Int:       It affects your intelligence (+3).
   rF:        It protects you from fire.
   rC:        It makes you vulnerable to cold.
   rN:        It greatly protects you from negative energy.
 p - a +6 ring of strength
 q - a ring of see invisible
 y - an amulet of regeneration (around neck)
 B - a +6 ring of strength (left hand)
 K - a ring of resist corrosion
Wands
 l - a wand of acid (11)
 s - a wand of charming (29)
 u - a wand of flame (49)
 D - a wand of iceblast (26)
 E - a wand of polymorph (9)
 M - a wand of mindburst (18)
 N - a wand of digging (10)
Scrolls
 c - 15 scrolls of teleportation
 h - 3 scrolls of summoning
 i - 9 scrolls of magic mapping
 k - 4 scrolls of fear
 A - 11 scrolls of fog
 S - 3 scrolls of blinking
 W - 4 scrolls of poison
Potions
 d - 22 potions of curing
 m - 6 potions of ambrosia
 o - 5 potions of resistance
 r - 5 potions of mutation
 w - 10 potions of heal wounds
 x - 7 potions of might
 z - 4 potions of haste
 H - 5 potions of cancellation
 Z - 5 potions of invisibility
Miscellaneous
 O - a phial of floods
 Q - a lightning rod (4/4)
 T - a condenser vane


   Skills:
 + Level 18.8 Fighting
 * Level 15.9(17.7) Axes
 - Level 14.1(17.6) Maces & Flails
 + Level 18.7 Armour
 * Level 4.6 Dodging
 + Level 17.9 Shields
 + Level 15.0 Evocations


You had 21 spell levels left.
You didn't know any spells.
Your spell library contained the following spells:

 Spells                   Type           Power      Damage    Failure   Level
 Apportation              Tloc           0%         N/A       94%         1
 Freeze                   Ice            0%         1d3       94%         1
 Magic Dart               Conj           0%         1d3       94%         1
 Necrotise                Necr           0%         1d4       94%         1
 Shock                    Conj/Air       0%         1d3       94%         1
 Summon Small Mammal      Summ           0%         N/A       94%         1
 Searing Ray              Conj           0%         2d4       98%         2
 Frozen Ramparts          Ice            0%         1d8       100%        3
 Gell's Gravitas          Tloc           0%         N/A       100%        3
 Ozocubu's Armour         Ice            0%         N/A       100%        3
 Swiftness                Air            0%         N/A       100%        3
 Teleport Other           Tloc           0%         N/A       100%        3
 Vampiric Draining        Necr           0%         2d6       100%        3
 Airstrike                Air            0%         2d(0-16)  100%        4
 Dispel Undead            Necr           0%         3d6       100%        4
 Fulminant Prism          Conj/Hex       0%         3d6       100%        4
 Hailstorm                Conj/Ice       0%         3d3       100%        4
 Summon Lightning Spire   Summ/Air       0%         N/A       100%        4
 Blade Hands              Tmut           0%         N/A       100%        5
 Irradiate                Conj/Tmut      0%         3d11      100%        5
 Metabolic Englaciation   Hex/Ice        0%         N/A       100%        5
 Dispersal                Tloc           0%         N/A       100%        6
 Simulacrum               Ice/Necr       0%         N/A       100%        6
 Dragon Form              Tmut           0%         N/A       100%        7
 Storm Form               Tmut/Air       0%         N/A       100%        7
 Maxwell's Capacitive Co  Air            0%         ∞         100%        8
 Sublimation of Blood     Necr           Unusable   N/A       N/A         2

Dungeon Overview and Level Annotations

Branches:
Dungeon (15/15)            Temple (1/1) D:4            Lair (5/5) D:9
  Swamp (4/4) Lair:3        Snake (4/4) Lair:3        Slime (0/5) Lair:5
    Orc (2/2) D:12            Elf (0/3) Orc:2        Vaults (4/5) D:14
  Crypt (0/3) Vaults:2     Depths (1/4) D:15

Altars:
Ashenzari
Cheibriados
Dithmenos
Elyvilon
Fedhas
Gozag
Hepliaklqana
Kikubaaqudgha
Makhleb
Nemelex Xobeh
Okawaru
Qazlal
Ru
Sif Muna
Trog
Uskayaw
Vehumet
Wu Jian
Xom
Yredelemnul
Zin
The Shining One
Jiyva

Shops:
D:6 [   D:10 ?   D:14 [*(   D:15 !   Orc:2 *:**   Snake:1 =(   Snake:2 =:=
Snake:3 *   Vaults:1 *   Vaults:4 ?   Depths:1 [!**!

Portals:
Hell: Depths:1

Annotations:
D:3 exclusion: oklob plant
D:4 Blork the orc
Swamp:2 2 transporters, MisterPants's ghost, journeyman FeSu
Snake:3 Louise
Orc:1 2 transporters, Befih's ghost, journeyman DgWr


Innate Abilities, Weirdness & Mutations

You are immune to sickness and miasma.
Your stone body is resilient. (AC +16)
You are immune to poison.
Your large and strong wings let you fly.
You resist negative energy. (rN+)
You are resistant to electric shocks. (rElec)
You are resistant to unholy torment.
You are immune to petrification.


Message History

You slash the storm dragon!
You kill the storm dragon!
Trog accepts your kill.
You hit the vault warden.
Something touches you but does no damage.
The vault warden activates a sealing rune.
A door slams shut!
The ironbound preserver gestures wildly while chanting.
The ironbound preserver begins to accept its allies' injuries.
You hit something. You hit the ironbound preserver. You hit the vault warden.
You hear some strange, mumbled words.
A bolt of cold appears from out of thin air!
The bolt of cold hits you! You resist.
* * * LOW HITPOINT WARNING * * *
The vault warden hits you with a +2 glaive of venom!
* * * LOW HITPOINT WARNING * * *
The ironbound preserver hits you with a +0 morningstar.
* * * LOW HITPOINT WARNING * * *
You barely miss something. You hit the vault warden.
You hit the ironbound preserver.
Something touches you but does no damage.
You block the vault warden's attack.
The ironbound preserver hits you with a +0 morningstar!!
* * * LOW HITPOINT WARNING * * *
You barely miss something. You hit the ironbound preserver.
You hit the vault warden. Something touches you.
* * * LOW HITPOINT WARNING * * *
You hit something but do no damage. You hit the vault warden.
You slash the ironbound preserver! You block something's attack.
The vault warden closely misses you.
You block the ironbound preserver's attack.
You hear some strange, mumbled words.
Something tries to affect you, but you resist.
You closely miss something. You hit the ironbound preserver.
You hit the vault warden.
The vault warden activates a sealing rune.
You hear some strange, mumbled words.
A bolt of cold appears from out of thin air!
The bolt of cold hits you!! You resist.
You die...

...............
.............p
#..........#
#..........#
#..........#
#++# #..# #p)#
#@{# #†p# #..#
#..# #..# #..#
#..# #..# #))#


You could see an ironbound preserver and a vault warden (sheltered).

Vanquished Creatures
  Mara (Snake:2)
  Saint Roka (Snake:2)
  Xtahua (Vaults:4)
  A bone dragon (Swamp:4)
  Jorgrun (D:11)
  A lich (Vaults:3)
  A sphinx (Vaults:1)
  A storm dragon (Vaults:4)
  A tengu reaver (Depths:1)
  A shadow dragon (Vaults:1)
  A fenstrider witch (Swamp:4)
  A thorn hunter (Swamp:1)
  Donald (Swamp:2)
  7 nagarajas
  A fire giant (D:15)
  2 orc warlords
  2 frost giants (Depths:1)
  15 vault wardens
  A juggernaut zombie (Depths:1)
  18 ironbound preservers
  2 stone giants
  15 very ugly things
  5 ironbound thunderhulks
  A deep elf annihilator (Vaults:4)
  An eleionoma (Swamp:2)
  2 entropy weavers
  10 dire elephants (Vaults:2)
  2 bunyips
  A crystal guardian (Vaults:3)
  Snorg (D:12)
  7 ettins
  A fire dragon (Depths:1)
  A shambling mangrove (Swamp:3)
  3 jiangshi (Depths:1)
  3 great orbs of eyes
  A rakshasa (Depths:1)
  9 yaktaur captains
  31 vault guards
  8 boulder beetles
  5 ghost crabs
  14 hydras
  2 deep elf high priests (Vaults:4)
  2 peacekeepers (Vaults:3)
  3 salamander tyrants (Snake:4)
  A catoblepas (Lair:1)
  An ogre mage (D:14)
  Erica (D:8)
  5 centaur warriors
  8 anacondas
  12 naga warriors
  9 two-headed ogres
  7 death yaks
  2 tengu warriors
  6 ironbound frosthearts
  4 deep troll earth magi
  2 deep troll shamans (Depths:1)
  3 orc high priests
  9 alligators
  A vampire mage (Depths:1)
  Urug (Lair:4)
  10 naga sharpshooters
  A titan zombie (Vaults:4)
  A wretched star (Abyss:3)
  Nergalle (D:10)
  4 shock serpents
  7 salamander mystics
  A flayed ghost (D:15)
  A skeletal warrior (D:14)
  3 goliath frogs (Swamp:1)
  2 death drakes (Swamp:4)
  3 iron trolls
  A glowing orange brain (Vaults:3)
  41 deep trolls
  3 bunyip zombies (Swamp:4)
  2 wizards
  13 bog bodies
  A spectral hydra (Swamp:4)
  A phantasmal warrior (Swamp:4)
  17 naga ritualists
  7 lindwurms
  8 swamp dragons
  A spriggan simulacrum (Swamp:4)
  13 harpies
  A sphinx zombie (Vaults:4)
  Pikel (D:4)
  16 ugly things
  19 ironbound convokers
  3 necromancers
  12 orc knights
  A shadow dragon skeleton (Vaults:4)
  A deep elf pyromancer (D:14)
  5 orc sorcerers
  16 mana vipers
  2 will-o-the-wisps
  12 salamanders
  A faun (shapeshifter) (Vaults:2)
  13 elephants
  5 manticores
  3 cyclopes
  An elephant (shapeshifter) (Vaults:2)
  4 guardian serpents
  48 black mambas
  A water nymph (shapeshifter) (Vaults:2)
  22 vault sentinels
  17 naga magi
  A smoke demon (Abyss:2)
  4 rime drakes
  A gargoyle (D:14)
  A torpor snail (Lair:2)
  20 cane toads
  An unseen horror (D:12)
  4 kobold demonologists
  4 centaur skeletons (D:14)
  13 komodo dragons
  4 swamp worm zombies (Swamp:4)
  32 yaktaurs
  An efreet (Abyss:3)
  A burning bush (Lair:1)
  4 meliai
  5 polar bears
  A wind drake (shapeshifter) (Vaults:3)
  6 trolls
  10 tyrant leeches
  A tarantella (Vaults:3)
  2 large abominations
  11 hornets
  4 hydra zombies (Swamp:4)
  A raiju (Abyss:3)
  44 slime creatures
  An ettin zombie (Vaults:4)
  29 blink frogs
  2 spectral swamp dragons (Swamp:4)
  A culicivora (Vaults:3)
  10 spriggans
  5 alligator zombies (Swamp:4)
  67 yaks
  A wraith (D:14)
  3 wyverns
  A yak (shapeshifter) (D:13)
  5 basilisks
  A fire elemental (Lair:5)
  A redback (Vaults:3)
  16 vampire mosquitoes
  9 wargs
  3 steam dragons
  Edmund (D:4)
  37 nagas
  14 swamp worms
  2 acid dragons (D:12)
  15 water moccasins
  A meliai simulacrum (D:14)
  A swamp drake (Swamp:1)
  A hornet zombie (Swamp:4)
  27 orc warriors
  4 black bears
  2 sky beasts
  An ice beast (D:5)
  5 ogres
  3 swamp dragon zombies (Swamp:4)
  An ettin simulacrum (Vaults:4)
  13 wolves
  15 centaurs
  2 swamp dragon skeletons (Swamp:4)
  6 phantoms
  7 kobold brigands
  16 bullfrogs
  A human zombie (Vaults:4)
  A necrophage (D:6)
  2 gnoll sergeants
  2 small abominations (Abyss:3)
  2 scorpions
  17 wights
  10 killer bees
  15 electric eels
  4 howler monkeys
  4 crimson imps (D:6)
  13 orc priests
  A quasit (Abyss:2)
  2 gnoll boudas (D:8)
  3 hounds
  A jelly (D:6)
  3 iguanas
  2 spectral swamp drakes (Swamp:4)
  26 orc wizards
  27 gnolls
  3 swamp drake zombies (Swamp:4)
  5 adders
  A shadow imp (D:8)
  A white imp (D:7)
  An ufetubus (Vaults:2)
  2 worms
  A dart slug (D:4)
  70 orcs
  7 ball pythons
  6 bats
  10 endoplasms
  5 goblins
  2 hobgoblins
  4 jackals (D:2)
  16 kobolds
  A quokka (D:4)
  5 frilled lizards
  5 rats
  2 briar patches (Swamp:1)
1395 creatures vanquished.

Vanquished Creatures (collateral kills)
  Bai Suzhen (Snake:3)
  A tentacled starspawn (Abyss:3)
  A nagaraja (Vaults:4)
  2 vault wardens
  An orc warlord (Vaults:3)
  A very ugly thing (Abyss:3)
  2 ironbound thunderhulks
  An ironbound preserver (Vaults:1)
  A deep elf annihilator (Vaults:4)
  A yaktaur captain (Vaults:2)
  A great orb of eyes (Vaults:4)
  A vault guard (Vaults:4)
  2 naga sharpshooters (Snake:3)
  4 deep trolls
  A lindwurm (Vaults:1)
  3 ironbound convokers
  2 orc knights (Vaults:3)
  A vault sentinel (Vaults:2)
  A naga (Snake:3)
  A starspawn tentacle (Abyss:3)
29 creatures vanquished.

Vanquished Creatures (others)
  2 spriggan druids
  An apocalypse crab (Abyss:3)
  An unseen horror (D:12)
  5 bloated husks
  A tyrant leech (Swamp:3)
  A spriggan (Swamp:4)
  A ynoxinul (Abyss:2)
  A naga (Snake:2)
  2 phantoms (Swamp:4)
  An orc wizard (Snake:3)
  2 briar patches (Swamp:1)
  4 foxfires (Swamp:1)
  50 fungi
  144 plants
  26 starspawn tentacles
242 creatures vanquished.

Grand Total: 1666 creatures vanquished

Notes
Turn   | Place    | Note
-------+----------+-------------------------------------------
     0 | D:1      | JakeJacob the Gargoyle Berserker began the quest for the
                  | Orb.
     0 | D:1      | Reached XP level 1. HP: 14/14 MP: 1/1
   369 | D:1      | Reached XP level 2. HP: 14/19 MP: 2/2
  1042 | D:1      | Reached XP level 3. HP: 24/24 MP: 3/3
  1558 | D:2      | Reached XP level 4. HP: 13/29 MP: 4/4
  1800 | D:2      | Identified the ring "Cirumus" {Fire rN++ Int+3}
  2066 | D:2      | Reached ** piety under Trog
  2335 | D:2      | Reached XP level 5. HP: 34/34 MP: 5/5
  2707 | D:3      | You fall into a shaft and drop 3 floors!
  2711 | D:5      | Entered Level 5 of the Dungeon
  2711 | D:5      | Noticed a water moccasin
  2718 | D:6      | Killed a water moccasin
  2719 | D:6      | Reached XP level 6. HP: 40/40 MP: 6/6
  2762 | D:5      | Reached skill level 5 in Fighting
  3281 | D:3      | Found a faded altar of an unknown god.
  3337 | D:3      | Found a blossoming altar of Fedhas.
  3349 | D:3      | Noticed an oklob plant
  3985 | D:4      | Noticed Pikel
  4009 | D:4      | Killed Pikel
  4010 | D:4      | Reached skill level 5 in Maces & Flails
  4010 | D:4      | Reached skill level 5 in Armour
  4010 | D:4      | Reached XP level 7. HP: 47/47 MP: 7/7
  4010 | D:4      | Reached XP level 8. HP: 52/52 MP: 8/8
  4176 | D:4      | Noticed Edmund
  4195 | D:4      | Killed Edmund
  4238 | D:4      | Found a staircase to the Ecumenical Temple.
  4244 | Temple   | Entered the Ecumenical Temple
  4499 | D:4      | Noticed Blork the orc
  4506 | D:4      | Found a shimmering blue altar of Sif Muna.
  5612 | D:6      | Found Fuicuf's Armour Boutique.
  5713 | D:6      | Found a shimmering altar of Xom.
  5762 | D:6      | Paralysed by a crimson imp for 4 turns
  6107 | D:6      | Reached XP level 9. HP: 46/58 MP: 9/9
  6684 | D:6      | Identified a scroll of acquirement
  6684 | D:6      | Acquired the +3 cloak "Efav Ewe" {rF++ MP+9 Dex-2}
  7365 | D:7      | Identified the +0 leather armour of the Zebra {rElec rPois
                  | Dex-2}
  7583 | D:8      | Reached *** piety under Trog
  7955 | D:8      | Identified the ring of Past Mistakes {rPois rF- Str+2
                  | Int+5}
  7995 | D:8      | Reached XP level 10. HP: 59/66 MP: 10/10
  8197 | D:8      | Identified the +1 leather armour of Moral Flaws {Dex+5}
  8384 | D:8      | Noticed Erica
  8397 | D:8      | Killed Erica
  8780 | D:8      | Reached skill level 1 in Shields
  8981 | D:8      | Reached skill level 10 in Fighting
  9297 | D:9      | Noticed a two-headed ogre
  9307 | D:9      | Killed a two-headed ogre
  9308 | D:9      | Reached skill level 10 in Armour
  9484 | D:9      | Reached **** piety under Trog
  9577 | D:9      | Reached XP level 11. HP: 73/73 MP: 11/11
  9644 | D:9      | Reached skill level 5 in Shields
  9801 | D:9      | Found a shadowy altar of Dithmenos.
  9917 | D:9      | Found a staircase to the Lair.
 10022 | D:9      | Found a hide-covered altar of Uskayaw.
 10108 | D:9      | Noticed a two-headed ogre
 10119 | D:9      | Killed a two-headed ogre
 10461 | D:10     | Entered Level 10 of the Dungeon
 10572 | D:10     | Noticed a two-headed ogre
 10580 | D:10     | Killed a two-headed ogre
 10581 | D:10     | Reached skill level 10 in Maces & Flails
 11073 | D:10     | Noticed a two-headed ogre
 11085 | D:10     | Killed a two-headed ogre
 11171 | D:10     | Found Wazxic's Magic Scroll Emporium.
 11181 | D:10     | Bought a scroll of enchant weapon for 97 gold pieces
 11427 | D:10     | Noticed a boulder beetle
 11453 | D:10     | Killed a boulder beetle
 11659 | D:10     | Noticed a two-headed ogre
 11668 | D:10     | Killed a two-headed ogre
 11846 | Lair:1   | Entered Level 1 of the Lair of Beasts
 11873 | D:9      | Reached XP level 12. HP: 80/80 MP: 12/12
 12231 | Lair:1   | Noticed a death yak
 12231 | Lair:1   | Noticed a death yak
 12231 | Lair:1   | Noticed a death yak
 12231 | Lair:1   | Noticed a death yak
 12253 | D:9      | Killed a death yak
 12261 | D:9      | Killed a death yak
 12419 | Lair:1   | Noticed a death yak
 12419 | Lair:1   | Noticed a death yak
 12431 | D:9      | Killed a death yak
 12439 | D:9      | Killed a death yak
 12497 | D:9      | Killed a death yak
 12508 | D:9      | Killed a death yak
 12686 | D:11     | Noticed Nergalle
 12960 | D:11     | Reached skill level 10 in Shields
 13019 | D:10     | Killed Nergalle
 13200 | D:11     | Noticed a six-headed hydra
 13234 | D:11     | Killed a six-headed hydra
 13509 | D:11     | Noticed a five-headed hydra
 13518 | D:11     | Killed a five-headed hydra
 14156 | Lair:1   | Identified the +2 leather armour of the Turtle {Contam
                  | rElec rC+ Int+4}
 14450 | Lair:1   | Noticed a catoblepas
 14484 | Lair:1   | Killed a catoblepas
 14485 | Lair:1   | Reached XP level 13. HP: 87/87 MP: 13/13
 15462 | Lair:2   | Found a gate leading to a gauntlet.
 15698 | Lair:2   | Found a dark tunnel.
 16626 | Lair:3   | Found a staircase to the Snake Pit.
 17084 | Lair:2   | Reached ***** piety under Trog
 17327 | Lair:2   | Gained mutation: Your large and strong wings let you fly.
                  | [Gargoyle growth]
 17327 | Lair:2   | Reached XP level 14. HP: 94/94 MP: 14/14
 17378 | Lair:2   | Received a gift from Trog
 17515 | Lair:3   | Found a staircase to the Swamp.
 18280 | Lair:4   | Reached skill level 1 in Evocations
 18321 | Lair:4   | Noticed Urug
 18344 | Lair:4   | Killed Urug
 19687 | Lair:5   | Entered Level 5 of the Lair of Beasts
 19774 | Lair:5   | Identified the +9 hand axe "Tuph" {vorpal, rN++ Str+6
                  | Stlth-}
 19899 | Lair:5   | Reached skill level 1 in Axes
 20188 | Lair:5   | Found a frozen archway.
 20229 | Lair:5   | Received a gift from Trog
 20557 | Lair:5   | Reached XP level 15. HP: 100/100 MP: 15/15
 20833 | Lair:5   | Reached skill level 5 in Evocations
 20990 | Lair:5   | Found a viscous altar of Jiyva.
 20990 | Lair:5   | Found a staircase to the Slime Pits.
 21327 | D:12     | Noticed Jorgrun
 21349 | D:11     | Killed Jorgrun
 21906 | D:12     | HP: 7/151 [enormous slime creature (43)]
 21912 | D:12     | HP: 6/151 [enormous slime creature (5)]
 22043 | D:12     | Found a staircase to the Orcish Mines.
 22245 | D:12     | Reached skill level 5 in Axes
 22448 | D:12     | Noticed Snorg
 22456 | D:12     | Killed Snorg
 22594 | Orc:1    | Entered Level 1 of the Orcish Mines
 23124 | Orc:2    | Entered Level 2 of the Orcish Mines
 23477 | Orc:1    | Found a transporter.
 23485 | Orc:1    | Noticed Befih's ghost (journeyman DgWr)
 23529 | Orc:1    | Found a transporter.
 24127 | Orc:2    | Found Kas Esy's Assorted Antiques.
 24141 | Orc:2    | Paralysed by an orc sorcerer for 3 turns
 24223 | Orc:2    | Paralysed by an orc sorcerer for 3 turns
 24787 | Orc:2    | Received a gift from Trog
 24956 | Orc:2    | Found Heedgh's General Store.
 24957 | Orc:2    | Found Opush's Assorted Antiques.
 24957 | Orc:2    | Found Xoih Muram's Book Boutique.
 25024 | Orc:2    | Bought a scroll of enchant armour for 105 gold pieces
 25096 | Orc:2    | Found a staircase to the Elven Halls.
 25204 | Orc:2    | Bought an ichor-stained scale mail for 342 gold pieces
 25204 | Orc:2    | Identified the +0 scale mail of Reason {rC+} (You bought it
                  | in a shop on level 2 of the Orcish Mines)
 26392 | D:14     | Found Siroenekieck's Assorted Antiques.
 26428 | D:14     | Bought a potion of heal wounds for 155 gold pieces
 26428 | D:14     | Bought a fuming golden potion for 27 gold pieces
 26758 | D:14     | Reached XP level 16. HP: 107/107 MP: 16/16
 26765 | D:14     | Found Baaluged's Armour Shoppe.
 26827 | D:14     | Bought the +14 chain mail of the Transparent God {rC+} for
                  | 1416 gold pieces
 26896 | D:14     | Found a gate to the Vaults.
 27045 | D:14     | Reached skill level 15 in Fighting
 27045 | D:14     | Found Olen's Antique Weapon Emporium.
 27624 | D:15     | Entered Level 15 of the Dungeon
 27727 | D:15     | Reached skill level 15 in Armour
 27886 | D:15     | Found Worudgh's Distillery.
 28072 | D:15     | Received a gift from Trog
 28310 | D:15     | Found a staircase to the Depths.
 28729 | Snake:1  | Entered Level 1 of the Snake Pit
 29081 | Snake:1  | Found Juepus's Jewellery Emporium.
 29089 | Snake:1  | Bought a ring of see invisible for 210 gold pieces
 29089 | Snake:1  | Found Lupu's Antique Weapon Emporium.
 29491 | Snake:1  | Identified the +0 hand axe of Change {drain, rCorr}
 30426 | Snake:2  | Reached ****** piety under Trog
 30427 | Snake:2  | Reached XP level 17. HP: 96/113 MP: 17/17
 30802 | Snake:2  | Found Foqovvos's Jewellery Boutique.
 30802 | Snake:2  | Found Naaniheot's Book Emporium.
 30803 | Snake:2  | Found Suduyjoch's Jewellery Boutique.
 31086 | Snake:3  | Noticed Saint Roka
 31226 | Snake:3  | Noticed Mara
 31238 | Snake:2  | Received a gift from Trog
 31316 | Snake:2  | Noticed JakeJacob's illusion
 31341 | Snake:2  | Killed Mara
 31473 | Snake:2  | Killed Saint Roka
 31787 | Snake:3  | Noticed Bai Suzhen
 31804 | Snake:3  | Killed Bai Suzhen
 31805 | Snake:3  | Reached skill level 10 in Axes
 31916 | Snake:3  | Found Eposkedghuf's Mayhem Merchandise.
 32078 | Snake:3  | Noticed Louise
 32081 | Abyss:2  | Cast into level 2 of the Abyss (Louise)
 32082 | Abyss:2  | Found a corrupted altar of Lugonu.
 32128 | Abyss:2  | Noticed a tentacled starspawn
 32216 | Abyss:2  | Found a corrupted altar of Lugonu.
 32228 | Abyss:2  | Noticed a bone dragon
 32238 | Abyss:2  | Found a corrupted altar of Lugonu.
 32247 | Abyss:2  | Noticed a tentacled starspawn
 32289 | Abyss:2  | Noticed a bone dragon
 32292 | Abyss:2  | Noticed a lich
 32316 | Abyss:3  | Noticed a tentacled starspawn
 32342 | Abyss:3  | Killed a tentacled starspawn
 32469 | Abyss:3  | Found a corrupted altar of Lugonu.
 32473 | Snake:3  | Escaped the Abyss
 32780 | Snake:4  | Entered Level 4 of the Snake Pit
 33039 | Snake:4  | Reached skill level 15 in Shields
 33368 | Snake:4  | Reached skill level 10 in Evocations
 33441 | Snake:4  | Received a gift from Trog
 33442 | Snake:4  | Reached XP level 18. HP: 119/120 MP: 18/18
 34417 | Snake:4  | Got a serpentine rune of Zot
 34758 | Swamp:1  | Entered Level 1 of the Swamp
 35050 | Swamp:1  | Identified the +1 ring mail of Nuzo Gept {Drain rElec rCorr
                  | Dex+4}
 35524 | Swamp:2  | Found a transporter.
 35552 | Swamp:2  | Noticed MisterPants's ghost (journeyman FeSu)
 35587 | Swamp:2  | Found a transporter.
 35822 | Swamp:2  | Noticed Donald
 35842 | Swamp:2  | Received a gift from Trog
 35852 | Swamp:2  | Killed Donald
 36879 | Swamp:4  | Entered Level 4 of the Swamp
 37005 | Swamp:4  | Found an ancient bone altar of Kikubaaqudgha.
 37052 | Swamp:4  | Got Aticod's Disquisition on Black Rites
 37140 | Swamp:4  | Received a gift from Trog
 37164 | Swamp:4  | Reached XP level 19. HP: 51/127 MP: 19/19
 37713 | Swamp:4  | Noticed a bone dragon
 37787 | Swamp:4  | Killed a bone dragon
 37826 | Swamp:4  | Got a decaying rune of Zot
 38096 | Depths:1 | Entered Level 1 of the Depths
 38156 | D:15     | Received a gift from Trog
 38338 | Depths:1 | Found a gateway to Hell.
 38395 | Depths:1 | Found Zola's Distillery.
 38673 | Depths:1 | Found Ogav Soxzu's Assorted Antiques.
 39094 | Depths:1 | Found Jaunefy's Antique Armour Emporium.
 39144 | Depths:1 | Found Wuqapsuwk's Distillery.
 39388 | Depths:1 | Found Pogeiguu's General Store.
 39929 | Vaults:1 | Entered Level 1 of the Vaults
 40264 | Vaults:1 | Found Ypam Zonai's Assorted Antiques.
 40805 | Vaults:1 | Paralysed by a sphinx for 3 turns
 41043 | Vaults:1 | Reached XP level 20. HP: 87/135 MP: 20/20
 41045 | Vaults:1 | Received a gift from Trog
 41081 | Vaults:1 | Paralysed by a great orb of eyes for 3 turns
 41086 | Vaults:1 | Paralysed by a great orb of eyes for 3 turns
 42198 | Vaults:2 | Found a staircase to the Crypt.
 42198 | Vaults:2 | Found a basalt altar of Yredelemnul.
 42198 | Vaults:2 | Found an ancient bone altar of Kikubaaqudgha.
 42465 | Vaults:2 | Received a gift from Trog
 43217 | Vaults:2 | Received a gift from Trog
 44030 | Vaults:3 | Reached XP level 21. HP: 141/141 MP: 21/21
 44703 | Vaults:3 | Received a gift from Trog
 44778 | Vaults:3 | Reached skill level 15 in Axes
 45638 | Vaults:3 | Received a gift from Trog
 46212 | Vaults:4 | Found Vyomn's Magic Scroll Shoppe.
 46215 | Vaults:4 | Bought a scroll of enchant armour for 82 gold pieces
 46215 | Vaults:4 | Bought a scroll of enchant armour for 82 gold pieces
 46464 | Vaults:4 | Noticed Xtahua
 46481 | Vaults:4 | Paralysed by Xtahua for 5 turns
 46489 | Vaults:4 | Killed Xtahua
 46490 | Vaults:4 | Reached skill level 15 in Evocations
 46490 | Vaults:4 | Reached XP level 22. HP: 71/148 MP: 22/22
 46771 | Vaults:4 | Received a gift from Trog
 46918 | Vaults:4 | Identified the +4 chain mail "Sean" {rN++ rCorr Dex+2
                  | Stlth+}
 47039 | Vaults:4 | Identified the amulet "Liuked" {Faith rN+}
 47066 | Vaults:4 | HP: 8/222 [ironbound preserver/+0 morningstar (18)]
 47069 | Vaults:4 | Killed from afar by a lich

Illustrated notes

Levels and vault maps discovered:
D:1:      minmay_arrival_jagged, layout_basic, minmay_vboxes
D:2:      layout_loops_ring
D:3:      layout_basic, tgw_fedhas, basic_ecumenical_altar
D:4:      layout_loops_cross, tgw_sif, minmay_temple_entry_fiery, uniq_edmund,
          uniq_pikel, uniq_blork_the_orc
D:5:      layout_loops_corners, solitary_fountain, kennysheep_big_empty_room,
          st_stairs_6
D:6:      layout_loops_corners, led_xom_imps, serial_shops, shop_statue
D:7:      layout_loops_cross, serial_park_tiny_2
D:8:      layout_gridville, fungi_pond_lemuel, uniq_erica
D:9:      minmay_opposing_rooms, layout_basic,
          grunt_dithmenos_smoke_and_mirrors,
          mainiacjoe_overflow_small_starburst, erik_lair_orcish_takeover
D:10:     cheibrodos_two_vegetables, layout_basic, serial_shops, shop
D:11:     layout_stronghold, uniq_nergalle
D:12:     layout_rooms, david_orc_4, uniq_jorgrun, uniq_snorg
D:13:     layout_basic
D:14:     layout_basic, hangedman_vaults_entry_quadrant_bands, serial_shops,
          nicolae_shop_overgrown_old_shop, nicolae_lakefront_shop,
          kennysheep_little_box, palyth_stone_intersect
D:15:     grunt_enter_depths_giant_problem, layout_irregular_city, serial_shops,
          nicolae_shop_trees, minivault_26
Temple:   bh_familiar_temple
Lair:1:   beast_lair_carwin_large_2, layout_gridlike, evilmike_ambush
          [evilmike_ambush_outer_pillars, evilmike_ambush_inner_wall_1],
          grunt_megastairs_1
Lair:2:   layout_loops_ring, nicolae_volcano_entry_two_sided,
          gauntlet_entry_generic
Lair:3:   layout_cave_shapes, nicolae_swamp_entry_splash_gauntlet,
          minmay_snake_entry_six_corridors, lemuel_fruit_tree
Lair:4:   wander_river, layout_small_grid, grunt_forest_large_clearing_hut,
          uniq_urug
Lair:5:   minmay_lair_end_frog_pond, layout_gridlike, dpeg_slime_entry_enclosed,
          portal_ice_cave_rime, chequers_serial_rivers_marsh
Swamp:1:  layout_falls_marsh, serial_swamp_ruin, evilmike_swamp_ruin_house_6,
          evilmike_swamp_ruin_house_1
Swamp:2:  layout_falls_marsh, gammafunk_ghost_arena,
          evilmike_swamp_ruin_house_2, uniq_donald
Swamp:3:  layout_basic_swamp, evilmike_swamp_ruin_rubble_1
Swamp:4:  swamp_pestilence, layout_basic_swamp, swamp_pool2, ldierk_geyser,
          beargit_kiku_chapel
Snake:1:  layout_layer_cave, drop_trap, minmay_shop_star
Snake:2:  nicolae_snakescales, layout_misc_corridors, serial_bayou_crossing,
          minmay_shop_grove
Snake:3:  layout_gridlike, minmay_shop_mayhem, uniq_bai_suzhen, uniq_mara,
          uniq_louise, uniq_saint_roka
Snake:4:  minmay_snake_end_coiled, layout_basic
Orc:1:    layout_diamond_mine, gammafunk_ghost_stat_death, rock_pile
Orc:2:    st_orc_elflike, layout_diamond_mine, basic_altar
Vaults:1: vaults_mumra_minichess, nicolae_vaults_quartermaster,
          vaults_room_hallway, vaults_room_grunt_arrival_checkpoint,
          nicolae_vaults_hallways_thing, v_misc_25, hangedman_vaults_trim,
          grunt_vaults_diagonal, dpeg_vaults_monster_box,
          layout_vaults_quadrants, serial_shops,
          nicolae_shop_competitors_out_of_business
Vaults:2: nicolae_vaults_network_s, minmay_crypt_entry_necro_gods,
          st_octagons_1, ontoclasm_vaults_ring_square,
          ontoclasm_vaults_ring_small, hangedman_vaults_stitches,
          ontoclasm_vaults_chip, serial_ice_m, vaults_dpeg_emergency_exit,
          nicolae_vaults_little_ls, v_pattern_1, v_misc_11,
          layout_vaults_maze_snakey
Vaults:3: hangedman_vaults_stream, hangedman_vaults_nails,
          nicolae_vaults_meeting, hangedman_vaults_nodes,
          ontoclasm_vaults_loading_screen, v_misc_13, vaults_room_grid,
          ontoclasm_vaults_bender, v_rooms_2, nicolae_vaults_network_periphery,
          grunt_vaults_bifocal, vaults_mumra_chevron_long,
          vaults_standard_mumra_enter_the_diamond, layout_vaults_omnibox
Vaults:4: hangedman_vaults_corner_blocks, v_rooms_5, st_greater_box_1,
          nicolae_vaults_little_squares_6, nicolae_vaults_sealed_display,
          vaults_dpeg_encased_lava, ontoclasm_vaults_chip, vaults_dpeg_spiral,
          layout_vaults_omnicross, serial_shops, nicolae_shop_behind_doors,
          uniq_xtahua
Depths:1: layout_long_grid, hangedman_geh_valley, serial_shops,
          nicolae_shop_statue_plus, shop, shop, nicolae_lakefront_shop,
          nicolae_shop_advertising_works [nicolae_subvault_shop_adworks],
          grunt_decor_junction, st_stairs_11, kennysheep_generic_room_3

Skill      XL: |  1  2  3  4  5  6  7  8  9 10 11 12 13 14 15 16 17 18 19 20 21 |
---------------+----------------------------------------------------------------+-----
Armour         | 3 4 5 7 9 10 11 12 13 14 15 16 17 18 | 18.7
Fighting       | 4 6 7 9 10 11 12 13 14 15 16 17 18 | 18.8
Maces & Flails | 4 5 7 8 9 10 11 13 14 | 14.1
Shields        | 4 8 10 11 12 13 14 15 16 17 | 17.9
Evocations     | 4 6 8 10 11 12 14 15 | 15.0
Axes           | 3 6 9 10 12 13 14 15 | 15.9
Dodging        | 4 |  4.6

Action                   |  1- 3 |  4- 6 |  7- 9 | 10-12 | 13-15 | 16-18 | 19-21 | 22-24 || total
-------------------------+-------+-------+-------+-------+-------+-------+-------+-------++-------
Melee: Mace              |    88 |     5 |       |       |       |       |       |       ||    93
       Punch             |     1 |     1 |     3 |       |       |       |       |       ||     5
       Whip              |       |   188 |   403 |   821 |  1024 |    58 |     7 |       ||  2501
       Hand axe          |       |       |       |       |   863 |  1823 |  2129 |   129 ||  4944
       Broad axe         |       |       |       |       |       |    59 |       |       ||    59
Invok: Berserk           |     1 |     3 |     3 |    17 |    19 |     5 |     5 |     1 ||    54
       Brothers in Arms  |       |       |       |       |       |     2 |    11 |     1 ||    14
       Trog's Hand       |       |       |       |       |       |       |     4 |     1 ||     5
Evoke: Wand              |       |       |       |       |     2 |     1 |     2 |     1 ||     6
  Use: Scroll            |       |       |    16 |     7 |    11 |     7 |     3 |     4 ||    48
       Potion            |       |       |       |       |       |       |     2 |     1 ||     3
 Stab: Distracted        |       |       |       |       |       |     1 |       |       ||     1
Armor: Animal skin       |     4 |       |       |       |       |       |       |       ||     4
       Scale mail        |    25 |       |       |       |       |       |       |       ||    25
       Chain mail        |    17 |   152 |   253 |    54 |       |  1306 |  1186 |   142 ||  3110
       Plate armour      |       |       |       |   388 |  1424 |    12 |       |       ||  1824
Dodge: Dodged            |    58 |    82 |   152 |   274 |   782 |   897 |   681 |    48 ||  2974
Block: Buckler           |       |       |       |   124 |   585 |   362 |       |       ||  1071
       Tower shield      |       |       |       |       |       |  1548 |  2138 |   206 ||  3892

Table legend: (Time is in decaauts)
 A = Elapsed time spent in this place.
 B = Non-inter-level travel time spent in this place.
 C = Inter-level travel time spent in this place.
 D = Time resting spent in this place.
 E = Time spent auto-exploring this place.
 F = Levels seen in this place.
 G = Mean time per level.
                   A        B        C        D        E       F      G
               +--------+--------+--------+--------+--------+-----+--------+
         Total |  45892 |  44326 |   1566 |   8621 |  12296 |  38 | 1207.7 |
       Dungeon |  19045 |  18237 |    808 |   4296 |   5748 |  15 | 1269.7 |
        Temple |    177 |    162 |     15 |      0 |    158 |   1 |  177.0 |
          Lair |   7202 |   6860 |    342 |   1300 |   1772 |   5 | 1440.4 |
         Swamp |   3019 |   2954 |     65 |    318 |   1128 |   4 |  754.8 |
     Snake Pit |   5391 |   5276 |    115 |    798 |   1723 |   4 | 1347.8 |
  Orcish Mines |   2641 |   2561 |     80 |    803 |    330 |   2 | 1320.5 |
        Vaults |   6657 |   6518 |    139 |    922 |   1284 |   4 | 1664.2 |
        Depths |   1339 |   1339 |      0 |    173 |    153 |   1 | 1339.0 |
         Abyss |    419 |    419 |      0 |      9 |      0 |   2 |  209.5 |
               +--------+--------+--------+--------+--------+-----+--------+

Top non-repeatable levels by time:
     D:9: 2070 daAuts
Vaults:1: 2050 daAuts
Vaults:3: 1916 daAuts
   Orc:1: 1798 daAuts
 Snake:4: 1764 daAuts
  Lair:4: 1682 daAuts
    D:11: 1633 daAuts
Vaults:2: 1633 daAuts
  Lair:2: 1627 daAuts
     D:8: 1625 daAuts
    D:10: 1623 daAuts
 Snake:2: 1514 daAuts
  Lair:3: 1377 daAuts
     D:1: 1375 daAuts
    D:15: 1358 daAuts
